 Dungeon Crawl Stone Soup version 0.17.1-3-g152610e (webtiles) character file.

75408 kaze the Basher (level 15, -1/101 HPs)
             Began as a Gargoyle Berserker on Mar 10, 2016.
             Was the Champion of Trog.
             Slain by a boulder beetle (24 damage)
             ... on level 8 of the Lair of Beasts.
             The game lasted 01:19:25 (21411 turns).

kaze the Basher (Gargoyle Berserker)               Turns: 21411, Time: 01:19:25

Health: -1/101     AC: 40    Str: 35    XL:     15   Next: 50%
Magic:  15/15      EV: 13    Int: 10    God:    Trog [******]
Gold:   2476       SH:  5    Dex:  7    Spells: 0 memorised, 14 levels left

rFire  + . .     SeeInvis +     n - +7 mace (crush)
rCold  . . .     Clarity  .     W - +4 chain mail {rF+}
rNeg   + . .     SustAt   +     z - +0 buckler "Usa Gydi" {rElec MR- Regen+ rCorr}
rPois  ∞         Gourm    .     v - +2 hat
rElec  +         Spirit   .     y - +0 cloak {MR+}
rCorr  +         Warding  .     (no gloves)
rMut   .         Stasis   .     j - +2 pair of boots
MR     +....                    L - amulet of Soecva {Regen+ Str+6 Int+2}
Stlth  ..........               K - ring of see invisible
                                q - ring of sustain attributes

@: exhausted, flying, slowed, very slow, somewhat resistant to hostile
enchantments, extremely unstealthy
A: big wings, rugged brown scales 1, slimy green scales 1, yellow scales 1,
blink, blurry vision 1, clumsy 1, deterioration 1, mutation resistance 1,
negative energy resistance 1, shaggy fur 1, electricity resistance, spit poison
2, strong 1, unbreathing, petrification resistance, rot immunity, AC +11
a: Spit Poison, Stop Flying, Blink, Berserk, Trog's Hand, Brothers in Arms, Burn
Spellbooks, Renounce Religion


You were on level 8 of the Lair of Beasts.
You worshipped Trog.
Trog was exalted by your worship.
You were full.

You visited 2 branches of the dungeon, and saw 23 of its levels.
You also visited: Labyrinth, Sewer and Ice Cave.

You collected 2476 gold pieces.

Inventory:

Hand Weapons
 n - a +7 mace of crushing (weapon)
 V - a +2 broad axe of electrocution
Missiles
 a - 14 javelins (quivered)
 x - 3 exploding tomahawks
Armour
 j - a +2 pair of boots (worn)
 v - a +2 hat (worn)
 y - a +0 cloak of magic resistance (worn)
 z - the +0 buckler "Usa Gydi" (worn) {rElec MR- Regen+ rCorr}
   (You found it on level 5 of the Dungeon)

   It insulates you from electricity.
   It affects your resistance to hostile enchantments.
   It increases your rate of regeneration.
   It protects you from acid and corrosion.
 W - a +4 chain mail of fire resistance (worn)
Rods
 J - a +0 rod of inaccuracy (14/14)
   (You found it in an ice cave)
Jewellery
 b - an uncursed ring of protection from fire
 q - a ring of sustain attributes (left hand)
 K - a ring of see invisible (right hand)
 L - the amulet of Soecva (around neck) {Regen+ Str+6 Int+2}
   (You found it on level 8 of the Dungeon)

   [amulet of regeneration]

   It affects your strength (+6).
   It affects your intelligence (+2).
   It increases your rate of regeneration.
Wands
 l - a wand of disintegration (12)
Scrolls
 d - 7 scrolls of identify
 f - a scroll of brand weapon {unknown}
 g - 9 scrolls of remove curse
 i - 7 scrolls of fog
 p - 4 scrolls of magic mapping
 r - a scroll of enchant armour
 s - a scroll of enchant weapon
 t - 2 scrolls of recharging
 w - 6 scrolls of fear
 G - 12 scrolls of teleportation
 O - a scroll of silence
 R - 3 scrolls of blinking
Potions
 c - a potion of magic
 e - 3 potions of might
 h - 3 potions of cancellation
 k - 7 potions of curing
 A - 2 potions of agility
 E - a potion of lignification
 I - a potion of resistance {unknown}
 M - a potion of ambrosia {unknown}
 P - a potion of heal wounds
 Q - 3 potions of haste
 X - a potion of invisibility
 Z - 2 potions of flight
Books
 o - a book of Death

   Spells                             Type                      Level
   a - Corpse Rot                     Necromancy                   2
   b - Sublimation of Blood           Necromancy                   2
   c - Agony                          Necromancy                   5
   d - Dispel Undead                  Necromancy                   5
   e - Excruciating Wounds            Charms/Necromancy            5
   f - Bolt of Draining               Conjuration/Necromancy       5
   Trog disapproves of the use of such an item.
 S - a book of Minor Magic

   Spells                             Type                      Level
   a - Magic Dart                     Conjuration                  1
   b - Blink                          Translocation                2
   c - Call Imp                       Summoning                    2
   d - Repel Missiles                 Charms/Air                   2
   e - Slow                           Hexes                        2
   f - Conjure Flame                  Conjuration/Fire             3
   g - Mephitic Cloud                 Conjuration/Poison/Air       3
   Trog disapproves of the use of such an item.
Comestibles
 u - 8 meat rations
 B - 9 fruits
 C - 2 beef jerkies
 D - 2 royal jellies
 F - 2 bread rations
 H - a slice of pizza


   Skills:
 + Level 13.5 Fighting
 + Level 1.5(8.5) Axes
 + Level 13.7(13.9) Maces & Flails
   Level 0.8(2.4) Polearms
   Level 3.3(9.7) Staves
 + Level 1.8 Throwing
 + Level 11.0 Armour
 + Level 12.3 Dodging
 - Level 1.0 Stealth
 + Level 9.3 Shields


You had 14 spell levels left.
You didn't know any spells.

Dungeon Overview and Level Annotations

Branches:
Dungeon (15/15)            Temple (0/1) D:7            Lair (8/8) D:10
 Shoals (0/4) Lair:5       Spider (0/4) Lair:6          Orc (0/4) D:12
 Vaults (0/5) D:13         Depths (0/5) D:15
  Slime: Lair:6-8

Altars:
Ashenzari
Cheibriados
Dithmenos
Fedhas
Kikubaaqudgha
Makhleb
Nemelex Xobeh
Ru
Trog
Yredelemnul
Zin

Shops:
D:9 (   D:10 (   D:12 (


Innate Abilities, Weirdness & Mutations

You are resistant to torment.
Your stone body is resilient (AC +11).
You are immune to poison.
Your large and strong wings let you fly indefinitely.
You resist negative energy.
You are resistant to electric shocks.
You can survive without breathing.
You are immune to petrification.
You are immune to rotting.
You are partially covered in rugged brown scales (AC +1, +3% HP).
You are partially covered in slimy green scales (AC +2).
You are partially covered in yellow scales (AC +2).
You can translocate small distances at will.
Scrolls take you a little longer to read.
You are clumsy. (Dex -2)
Your body sometimes deteriorates upon taking damage.
You are somewhat resistant to further mutation.
You are covered in fur (AC +1).
You can spit poison.
Your muscles are strong. (Str +2)


Message History

The boulder beetle is lightly wounded.
You block the death yak's attack. The death yak gores you!
* * * LOW HITPOINT WARNING * * *
The boulder beetle closely misses you.
You sock the death yak!
The death yak is moderately wounded.
The death yak completely misses you.
The death yak gores you but does no damage.
Unknown command.
You bludgeon the death yak!!
The death yak is heavily wounded.
The death yak closely misses you.
The boulder beetle completely misses you.
The death yak gores you but does no damage.
Unknown command.
You bludgeon the death yak!!
The death yak is severely wounded.
The death yak gores you but does no damage.
The death yak closely misses you. The boulder beetle bites you!!
You die...

.................#.# ....
..........#.+##....#.....
..P.......#...........(..
.#...........##...#+.....
..P..#P..........$......
........................
..................#.#
.P.P.......Y#.....#.
#PPPP....!.Y@B...[?..
#PPP......###..##.#..
#PPP......P P....#...
P..P...... .........
...P...............
..........P....... .


PP........ ......# You could see 2 death yaks and a boulder beetle.

Vanquished Creatures
  Kirke (Lair:6)
  Maud (D:13)
  A very ugly thing (D:15)
  3 vault guards (D:13)
  A minotaur (Lab)
  A yaktaur captain (D:15)
  3 hydras
  4 centaur warriors
  10 death yaks
  A queen ant (Lair:2)
  Urug (D:10)
  3 skeletal warriors (D:13)
  4 orc knights
  Pikel (D:7)
  4 ugly things
  The ghost of Goblin1989 the Black Sun, a novice DsNe of Kikubaaqudgha (D:6)
  A wizard (D:13)
  5 hill giants
  A wolf spider (Lair:2)
  4 cyclopes
  A centaur zombie (D:15)
  Maurice (D:10)
  4 elephants (Lair:2)
  2 gargoyles (D:11)
  14 spiny frogs
  A torpor snail (Lair:3)
  5 black mambas
  9 komodo dragons
  A yaktaur (D:13)
  4 fire drakes
  A polar bear (IceCv)
  3 tengu conjurers
  3 trolls
  A freezing wraith (D:14)
  A two-headed ogre (D:11)
  Prince Ribbit (D:9)
  6 slime creatures (D:15)
  2 boulder beetles
  16 blink frogs
  A vampire (D:14)
  Sigmund (D:4)
  2 shadows (D:15)
  A trapdoor spider (D:11)
  5 wyverns
  2 wraiths
  A yak (shapeshifter) (D:15)
  36 yaks
  2 hogs (Lair:6)
  A deep elf mage (D:15)
  2 basilisks
  Grum (D:11)
  15 wolves
  4 hungry ghosts
  2 humans (D:13)
  11 hippogriffs
  2 steam dragons
  3 mottled dragons
  4 vampire mosquitoes (D:12)
  A warg (D:15)
  A soldier ant (shapeshifter) (D:15)
  15 ice beasts
  9 porcupines
  6 soldier ants
  8 water moccasins
  Purgy (Sewer)
  A wasp (Lair:6)
  2 black bears (D:9)
  13 orc warriors
  3 sky beasts
  6 ogres
  An eye of draining (D:11)
  8 centaurs
  5 crocodiles
  A brain worm (shapeshifter) (D:14)
  A big kobold (D:12)
  24 giant frogs
  2 brain worms
  3 wyvern zombies
  6 scorpions
  7 killer bees (D:10)
  4 wights (D:13)
  7 crimson imps
  4 electric eels
  6 hounds
  A quasit (D:8)
  9 orc priests
  A giant frog skeleton (D:6)
  Crazy Yiuf (D:2)
  9 orc wizards
  4 centaur skeletons
  6 iguanas
  7 jellies
  2 gnoll shamans
  30 worker ants
  26 sheep
  A hound skeleton (D:6)
  Robin (D:2)
  16 gnolls
  23 adders
  4 shadow imps
  33 river rats
  A white imp (D:11)
  7 oozes
  An adder zombie (D:9)
  An adder skeleton (D:5)
  5 worms
  A giant gecko (D:3)
  57 orcs
  3 ball pythons
  3 giant cockroaches
  16 goblins
  5 hobgoblins
  10 kobolds
  9 quokkas
  8 bats
  A giant gecko skeleton (D:4)
  7 giant newts
  15 jackals
  A jackal zombie (D:5)
  2 quokka skeletons
  12 rats
  A bush (Lair:2)
  A fungus (Lair:7)
  5 plants
714 creatures vanquished.

Vanquished Creatures (others)
  A human (Lair:6)
  A wolf (IceCv)
  A scorpion (Lair:6)
  A hound (D:7)
  2 plants
6 creatures vanquished.

Grand Total: 720 creatures vanquished

Notes
Turn   | Place    | Note
--------------------------------------------------------------
     0 | D:1      | kaze the Gargoyle Berserker began the quest for the Orb.
     0 | D:1      | Reached XP level 1. HP: 14/14 MP: 1/1
    71 | D:1      | Reached XP level 2. HP: 16/19 MP: 2/2
   318 | D:1      | Reached ** piety under Trog
   361 | D:1      | Reached XP level 3. HP: 20/23 MP: 3/3
   812 | D:2      | Reached XP level 4. HP: 19/29 MP: 4/4
   838 | D:2      | Noticed Robin
   857 | D:2      | Killed Robin
  1346 | D:2      | Noticed Crazy Yiuf
  1353 | D:2      | Killed Crazy Yiuf
  1353 | D:2      | Reached skill level 4 in Fighting
  1353 | D:2      | Reached skill level 1 in Stealth
  1353 | D:2      | Reached XP level 5. HP: 33/33 MP: 5/5
  1665 | D:2      | Reached *** piety under Trog
  1841 | D:3      | Found a glowing drain.
  1868 | Sewer    | Entered a sewer
  1924 | Sewer    | Noticed Purgy
  1941 | Sewer    | Killed Purgy
  1941 | Sewer    | Reached skill level 1 in Staves
  1941 | Sewer    | Reached XP level 6. HP: 10/39 MP: 6/6
  2525 | D:3      | Reached **** piety under Trog
  2694 | D:3      | Found a basalt altar of Yredelemnul.
  2694 | D:3      | Found a burning altar of Makhleb.
  2695 | D:3      | Found a glowing silver altar of Zin.
  2707 | D:3      | Found an ancient bone altar of Kikubaaqudgha.
  3037 | D:4      | Reached XP level 7. HP: 44/44 MP: 7/7
  3350 | D:4      | Reached skill level 5 in Fighting
  3350 | D:4      | Reached skill level 5 in Dodging
  3412 | D:4      | Noticed Sigmund
  3428 | D:4      | Killed Sigmund
  3643 | D:4      | Reached XP level 8. HP: 47/49 MP: 8/8
  3662 | D:5      | Entered Level 5 of the Dungeon
  3734 | D:5      | Got a pitted leather armour
  3745 | D:5      | Identified the cursed +0 leather armour "Unugatun" {Slay+3} (You found it on level 5 of the Dungeon)
  3839 | D:5      | Reached ***** piety under Trog
  3955 | D:5      | Got a faintly glowing buckler
  3963 | D:5      | Identified the +0 buckler "Usa Gydi" {rElec MR- Regen+ rCorr} (You found it on level 5 of the Dungeon)
  4311 | D:6      | Noticed Goblin1989's ghost (novice DsNe)
  4325 | D:6      | Killed Goblin1989's ghost
  4325 | D:6      | Reached skill level 6 in Fighting
  4325 | D:6      | Reached skill level 1 in Throwing
  4648 | D:6      | Reached XP level 9. HP: 56/56 MP: 9/9
  4920 | D:6      | Reached skill level 5 in Armour
  5005 | D:6      | Reached skill level 7 in Fighting
  5184 | D:6      | Reached skill level 5 in Maces & Flails
  5384 | D:7      | Found a blossoming altar of Fedhas.
  5402 | D:7      | Found a sacrificial altar of Ru.
  5410 | D:7      | Found a bloodstained altar of Trog.
  5462 | D:7      | Received a gift from Trog
  5492 | D:7      | Found a staircase to the Ecumenical Temple.
  5548 | D:7      | Noticed Pikel
  5561 | D:7      | Killed Pikel
  5884 | D:8      | Got a clouded bronze amulet
  6100 | D:8      | Reached skill level 1 in Shields
  6100 | D:8      | Reached XP level 10. HP: 55/64 MP: 10/10
  6175 | D:8      | Reached skill level 8 in Fighting
  6667 | D:9      | Found Cutaum's Weapon Shop.
  6685 | D:9      | Noticed Prince Ribbit
  6695 | D:9      | Killed Prince Ribbit
  7280 | D:9      | Gained mutation: You are partially covered in thin metallic scales (AC +2). [mutagenic meat]
  7281 | D:9      | Gained mutation: You can spit weak poison. [mutagenic meat]
  7283 | D:9      | Gained mutation: Scrolls take you a little longer to read. [mutagenic meat]
  7304 | D:9      | Gained mutation: You passively map a small area around you. [potion of beneficial mutation]
  7306 | D:9      | Lost mutation: Scrolls take you a little longer to read. [potion of cure mutation]
  7306 | D:9      | Lost mutation: You can spit weak poison. [potion of cure mutation]
  7306 | D:9      | Lost mutation: You passively map a small area around you. [potion of cure mutation]
  7306 | D:9      | Lost mutation: You are partially covered in thin metallic scales (AC +2). [potion of cure mutation]
  7410 | D:10     | Entered Level 10 of the Dungeon
  7547 | D:10     | Noticed Maurice
  7556 | D:10     | Killed Maurice
  7556 | D:10     | Reached skill level 9 in Dodging
  7634 | D:10     | Reached XP level 11. HP: 69/69 MP: 11/11
  7640 | D:10     | Received a gift from Trog
  7865 | D:10     | Noticed Urug
  7881 | D:10     | Killed Urug
  8044 | D:10     | Found Ohelakki's Weapon Boutique.
  8050 | D:10     | Found a sparkling altar of Nemelex Xobeh.
  8325 | D:10     | Noticed a hill giant
  8332 | D:10     | Killed a hill giant
  8485 | D:10     | Found a staircase to the Lair.
  8723 | D:11     | Gained mutation: You can spit weak poison. [mutagenic meat]
  8724 | D:11     | Gained mutation: You are covered in fur (AC +1). [mutagenic meat]
  8725 | D:11     | Gained mutation: You can spit poison. [mutagenic meat]
  8726 | D:11     | Gained mutation: You are partially covered in rugged brown scales (AC +1, +3% HP). [mutagenic meat]
  8907 | D:11     | Noticed a hill giant
  8912 | D:11     | Killed a hill giant
  8912 | D:11     | Reached skill level 10 in Dodging
  8944 | D:11     | Gained mutation: You are dopey. (Int -2) [mutagenic meat]
  8945 | D:11     | Gained mutation: Scrolls take you a little longer to read. [mutagenic meat]
  8946 | D:11     | Gained mutation: You are partially covered in yellow scales (AC +2). [mutagenic meat]
  8949 | D:11     | Identified the amulet of Soecva {Regen+ Str+6 Int+2} (You found it on level 8 of the Dungeon)
  9060 | D:11     | Noticed Grum
  9080 | D:11     | Killed Grum
  9466 | D:11     | Noticed a hill giant
  9476 | D:11     | Killed a hill giant
  9476 | D:11     | Received a gift from Trog
  9795 | D:12     | Found Zoseaty's Weapon Shoppe.
  9796 | D:12     | Found a staircase to the Orcish Mines.
  9902 | D:12     | Reached XP level 12. HP: 79/79 MP: 12/12
  9903 | D:12     | Found a labyrinth entrance.
 10091 | Lab      | Entered a labyrinth
 10904 | Lab      | Noticed a minotaur
 10914 | Lab      | Killed a minotaur
 10914 | Lab      | Reached skill level 10 in Fighting
 11213 | D:12     | Reached skill level 11 in Dodging
 11412 | D:12     | Reached skill level 1 in Axes
 11512 | D:13     | Noticed Maud
 11534 | D:13     | Killed Maud
 11803 | D:13     | Reached skill level 5 in Shields
 11830 | D:13     | Noticed a vault guard
 11945 | D:13     | Reached skill level 10 in Maces & Flails
 12050 | D:13     | Noticed a centaur warrior
 12064 | D:13     | Killed a centaur warrior
 12266 | D:13     | Gained mutation: You have a pair of small antennae on your head. [mutagenic meat]
 12269 | D:13     | Gained mutation: You are partially covered in slimy green scales (AC +2). [mutagenic meat]
 12270 | D:13     | Gained mutation: You can translocate small distances at will. [mutagenic meat]
 12271 | D:13     | Lost mutation: You have a pair of small antennae on your head. [mutagenic meat]
 12296 | D:13     | Reached XP level 13. HP: 86/86 MP: 13/13
 12426 | D:13     | Found a snail-covered altar of Cheibriados.
 12566 | D:13     | Noticed a vault guard
 12727 | D:13     | Noticed a vault guard
 12753 | D:13     | Killed a vault guard
 12842 | D:13     | Killed a vault guard
 12930 | D:13     | Killed a vault guard
 12945 | D:13     | Found a gate to the Vaults.
 13293 | D:14     | Found a shadowy altar of Dithmenos.
 13354 | D:14     | Received a gift from Trog
 13511 | D:14     | Found a shattered altar of Ashenzari.
 13668 | D:14     | Identified a scroll of acquirement
 13806 | D:15     | Entered Level 15 of the Dungeon
 13937 | D:15     | Received a gift from Trog
 13994 | D:15     | Lost mutation: You are dopey. (Int -2) [mutagenic meat]
 13995 | D:15     | Gained mutation: Your body sometimes deteriorates upon taking damage. [mutagenic meat]
 13996 | D:15     | Gained mutation: Your muscles are strong. (Str +2) [mutagenic meat]
 14320 | D:15     | Gained mutation: You are clumsy. (Dex -2) [mutagenic meat]
 14321 | D:15     | Gained mutation: You are somewhat resistant to further mutation. [mutagenic meat]
 14467 | D:15     | Reached skill level 12 in Fighting
 14485 | D:15     | Found a staircase to the Depths.
 14498 | D:15     | Gained mutation: Your large and strong wings let you fly indefinitely. [Gargoyle growth]
 14498 | D:15     | Reached XP level 14. HP: 74/94 MP: 14/14
 14611 | D:15     | Noticed a red very ugly thing
 14622 | D:15     | Killed a red very ugly thing
 15183 | Lair:1   | Entered Level 1 of the Lair of Beasts
 17167 | Lair:3   | Received a gift from Trog
 17288 | Lair:3   | Reached skill level 13 in Maces & Flails
 17341 | Lair:3   | Found a frozen archway.
 17371 | Lair:3   | Reached skill level 10 in Armour
 17395 | IceCv    | Entered an ice cave
 17728 | Lair:4   | Identified a +0 rod of inaccuracy (14/14) (You found it in an ice cave)
 17830 | Lair:4   | Reached ****** piety under Trog
 18682 | Lair:5   | Reached XP level 15. HP: 100/100 MP: 15/15
 19115 | Lair:5   | Found a staircase to the Shoals.
 19762 | Lair:6   | Noticed Kirke
 19784 | Lair:6   | Killed Kirke
 20246 | Lair:6   | Received a gift from Trog
 20247 | Lair:6   | Found a hole to the Spider Nest.
 21254 | Lair:8   | Entered Level 8 of the Lair of Beasts
 21411 | Lair:8   | Slain by a boulder beetle

Action                   |  1- 3 |  4- 6 |  7- 9 | 10-12 | 13-15 || total
-------------------------+-------+-------+-------+-------+-------++-------
Melee: Mace              |   110 |    34 |   183 |   734 |  1575 ||  2636
       Quarterstaff      |       |   168 |    61 |       |       ||   229
       Scythe            |       |       |    33 |       |       ||    33
       Flail             |       |       |    10 |       |       ||    10
       Broad axe         |       |       |       |    28 |       ||    28
Throw: Javelin           |       |       |     6 |     6 |       ||    12
Invok: Berserk           |       |     5 |     6 |    24 |    16 ||    51
       Trog's Hand       |       |     1 |     4 |     9 |     4 ||    18
       Burn Spellbooks   |       |     1 |     2 |     1 |     3 ||     7
 Abil: Fly               |       |       |       |       |     1 ||     1
  Use: Scroll            |       |     7 |     6 |    15 |    14 ||    42
       Potion            |       |       |       |    13 |     4 ||    17
 Stab: Sleeping          |     1 |     1 |       |       |       ||     2
       Paralysed         |       |       |     1 |       |       ||     1
       Distracted        |       |       |       |     1 |       ||     1
  Eat: Bread ration      |       |     1 |     2 |     1 |     3 ||     7
       Fruit             |       |     1 |     2 |     4 |       ||     7
       Pizza             |       |     1 |       |     1 |       ||     2
       Chunk             |       |     4 |       |    28 |    20 ||    52
       Beef jerky        |       |       |     1 |     1 |     2 ||     4
       Meat ration       |       |       |     1 |     5 |     4 ||    10
       Royal jelly       |       |       |       |     6 |     4 ||    10
